 Dungeon Crawl Stone Soup version 0.28-a0-595-g9f6c0e134a (webtiles) character file.

Game seed: 7648509190196072057

4046 flotson the Skirmisher (level 10, 0/115 HPs)
             Began as a Demonspawn Delver on Oct 4, 2021.
             Was an Initiate of Gozag.
             Splashed by a brown ugly thing's acid (8 damage)
             ... on level 8 of the Dungeon.
             The game lasted 00:19:07 (8494 turns).

flotson the Skirmisher (Demonspawn Delver)          Turns: 8494, Time: 00:19:10

Health: 0/115      AC: 21    Str: 14 (15) XL:     10   Next: 4%
Magic:  10/10      EV:  2    Int: 10 (11) God:    Gozag
Gold:   204        SH: 18    Dex: 14 (16) Spells: 9/9 levels left

rFire   . . .      SeeInvis .   a - +0 broad axe
rCold   . . .      Faith    .   y - +0 tower shield
rNeg    . . .      Spirit   .   (armour currently unavailable)
rPois   +          Reflect  +   (helmet currently unavailable)
rElec   .          Harm     .   (cloak currently unavailable)
rCorr   .          Rampage  .   (gloves currently unavailable)
Will    +....      NoTele   +   (boots currently unavailable)
Stlth   +++.......              i - amulet of reflection
HPRegen 0.29/turn               p - ring of poison resistance
MPRegen 0.12/turn               u - ring of willpower

@: tree-form (expiring), corroded, gold aura, on berserk cooldown, hasted and
slowed, studying Evocations
A: stationary, stasis, torment immunity, boosted hp, (talons 1), foul stench 3,
(sanguine armour 1)
a: Renounce Religion, Potion Petition, Call Merchant, Bribe Branch


You were on level 8 of the Dungeon.
You worshipped Gozag.
Gozag was aware of your devotion.
You were a tree.
You visited 2 branches of the dungeon, and saw 9 of its levels.

You collected 519 gold pieces.
You spent 230 gold pieces at shops.
You paid 85 gold pieces to Gozag.

Inventory:

Hand Weapons
 a - a +0 broad axe (weapon)
 b - a +3 trident
Missiles
 e - 28 poisoned darts (quivered)
 h - 3 curare-tipped darts
 s - 3 boomerangs
 C - a throwing net
Armour
 k - a +3 ring mail (melded)
 w - a +0 helmet (melded)
 y - a +0 tower shield (worn)
 D - a +1 cloak (melded)
 E - a +0 pair of boots (melded)
Jewellery
 i - an amulet of reflection (around neck)
 p - a ring of poison resistance (left branch)
 q - a ring of flight
 u - a ring of willpower (right branch)
Wands
 g - a wand of digging (2)
 z - a wand of flame (7)
Scrolls
 n - 9 scrolls of identify
 r - 3 scrolls of immolation
Potions
 f - a potion of magic
 l - 2 potions of lignification
 v - a potion of curing
 B - a potion of degeneration


   Skills:
 + Level 6.6 Fighting
 + Level 5.6 Axes
 - Level 3.0 Throwing
 + Level 5.2 Armour
 + Level 5.6 Dodging
 - Level 4.5 Stealth
 + Level 5.2 Shields
 + Level 5.1 Evocations


You had 9 spell levels left.
You didn't know any spells.
Your spell library contained the following spells:

 Spells                   Type           Power      Damage    Failure   Level
 Freeze                   Ice            0%         1d3       99%         1
 Frozen Ramparts          Ice            0%         1d2       100%        3
 Gell's Gravitas          Tloc           0%         N/A       100%        3
 Teleport Other           Tloc           0%         N/A       100%        3
 Hailstorm                Conj/Ice       0%         3d3       100%        4
 Dispersal                Tloc           0%         N/A       100%        6


Dungeon Overview and Level Annotations

Branches:
Dungeon (8/15)             Temple (1/1) D:6
   Lair: D:8-11

Altars:
Cheibriados
Dithmenos
Elyvilon
Fedhas
Gozag
Hepliaklqana
Okawaru
Ru
Sif Muna
Trog
Vehumet
Wu Jian
Xom
Yredelemnul
Zin

Shops:
D:2 !!((   D:4 =   D:7 [   D:8 (

Annotations:
D:7 2 transporters


Innate Abilities, Weirdness & Mutations

You are a tree.
Your roots penetrate the ground, keeping you stationary.
You cannot be teleported.
You are immune to unholy pain and torment.
Your maximum health is greatly increased.
Your equipment is partially melded.
((You have sharp toenails.))
You frequently emit foul miasma when damaged in melee.
((When seriously injured, your bleeding wounds create armour. (AC +0)))


Message History

* * * LOW HITPOINT WARNING * * *
You are splashed with acid!
* * * LOW HITPOINT WARNING * * *
Your life force feels restored.
You have reached level 10!
You are too berserk!
You barely miss the water moccasin. You closely miss the brown ugly thing.
You block the water moccasin's attack.
The brown ugly thing punches you but does no damage.
The water moccasin bites you!
* * * LOW HITPOINT WARNING * * *
The deep elf pyromancer casts a spell.
The deep elf pyromancer blinks!
The howler monkey hoots and howls with incredible vigour!
The brown ugly thing punches you but does no damage.
You closely miss the water moccasin. You slash the brown ugly thing!
You are no longer berserk.
You are exhausted.
You feel yourself slow down.
The water moccasin bites you but does no damage.
The orc is distracted by your dazzling golden aura.
The water moccasin bites you but does no damage.
You block the brown ugly thing's attack.
You feel better. You block the water moccasin's attack.
The brown ugly thing punches you but does no damage.
Really quaff the potion of lignification?
You are stuck in your current form!
The orc shouts!
You hit the brown ugly thing.
The brown ugly thing is heavily wounded.
You slash the water moccasin!
Your transformation is almost over.
A vampire mosquito comes into view.
You block the water moccasin's attack.
The water moccasin bites you but does no damage.
The brown ugly thing punches you.
* * * LOW HITPOINT WARNING * * *
The acid corrodes you!
You are splashed with acid!
You die...
Your body crumbles into a pile of gold.

.##..............#
###..............#
##........>^.....# #....
#...............# ....##
##..............## #.....##
#...............# .......#
##..............####........
##...........?.##z.........
##............♣SOo........
###.......(#.#uhE#...#...
####..####..#9E$#...# ####
#...#c.$# # ### #..#...#...#
# ..## #..#...#...#O.. ##
...## #............ .
.###....# #.....#...#...#
.##.....## #....#...#...#..


You could see a brown ugly thing, a two-headed ogre, 2 fire elementals, a water
moccasin, a gargoyle, a centaur, a howler monkey, a wight and an orc.

Vanquished Creatures
  Pikel (D:6)
  2 trolls (D:7)
  A hornet (D:8)
  Edmund (D:4)
  3 water moccasins
  A black bear (D:4)
  A hornet zombie (D:7)
  2 ice beasts
  3 ogres
  A necrophage (D:6)
  3 lemures (D:6)
  A bullfrog (D:4)
  A gnoll sergeant (D:7)
  A scorpion (D:4)
  A wyvern skeleton (D:7)
  3 water moccasin zombies (D:5)
  A water moccasin skeleton (D:7)
  3 wights
  3 bullfrog zombies (D:5)
  4 centaur zombies
  A human zombie (D:5)
  2 hounds
  A bullfrog skeleton (D:4)
  6 orc priests
  A gnoll shaman (D:6)
  2 jellies
  Crazy Yiuf (D:6)
  2 centaur skeletons (D:7)
  6 iguanas
  A scorpion zombie (D:5)
  4 orc wizards
  A killer bee zombie (D:6)
  A hound zombie (D:5)
  2 hound skeletons (D:4)
  A howler monkey zombie (D:6)
  4 adders
  5 gnolls (D:6)
  A howler monkey skeleton (D:5)
  An ufetubus (D:5)
  An adder zombie (D:5)
  An adder skeleton (D:4)
  2 dart slugs (D:3)
  20 orcs
  4 ball pythons
  7 endoplasms
  A giant cockroach (D:1)
  7 goblins
  3 hobgoblins
  A quokka (D:4)
  5 bats
  4 frilled lizards
  10 kobolds
  7 rats
153 creatures vanquished.

Vanquished Creatures (others)
  A fungus (D:6)
1 creature vanquished.

Grand Total: 154 creatures vanquished

Notes
Turn   | Place    | Note
-------+----------+-------------------------------------------
     0 | D:5      | flotson the Demonspawn Delver began the quest for the Orb.
     0 | D:5      | Reached XP level 1. HP: 18/18 MP: 1/1
    28 | D:5      | Noticed an iguana
    75 | D:4      | Noticed a jelly
    75 | D:4      | Noticed an orc priest
    75 | D:4      | Noticed an orc priest
    78 | D:4      | Noticed an ogre
    86 | D:4      | Noticed an ogre
   383 | D:3      | Found a faded altar of an unknown god.
   485 | D:1      | Gained mutation: You may rarely emit foul miasma when
                  | damaged in melee. [demonic ancestry]
   485 | D:1      | Reached XP level 2. HP: 19/24 MP: 2/2
  1270 | D:1      | Reached XP level 3. HP: 23/29 MP: 3/3
  1629 | D:2      | Found Ufrewe Denwi's Antique Weapon Shoppe.
  1760 | D:2      | Reached skill level 1 in Shields
  1818 | D:2      | Found Faxzidie's Weapon Shoppe.
  1857 | D:2      | Found Qefue's Distillery.
  2069 | D:2      | Found Lobashra's Distillery.
  2077 | D:2      | Found a shimmering blue altar of Sif Muna.
  2145 | D:2      | Bought a glowing hand axe for 138 gold pieces
  2290 | D:3      | Reached skill level 1 in Throwing
  2298 | D:3      | Reached skill level 1 in Armour
  2298 | D:3      | Gained mutation: You sometimes emit foul miasma when
                  | damaged in melee. [demonic ancestry]
  2298 | D:3      | Reached XP level 4. HP: 23/35 MP: 4/4
  3137 | D:3      | Gained mutation: You frequently emit foul miasma when
                  | damaged in melee. [demonic ancestry]
  3137 | D:3      | Reached XP level 5. HP: 41/41 MP: 5/5
  3641 | D:4      | Gained mutation: You have sharp toenails. [demonic
                  | ancestry]
  3641 | D:4      | Reached XP level 6. HP: 47/48 MP: 6/6
  3705 | D:4      | Reached skill level 4 in Fighting
  3944 | D:4      | Identified the +0 robe "Mics" {rC- Will+++ Int-5 Stlth+}
  4252 | D:4      | Found Gerod's Jewellery Emporium.
  4282 | D:4      | Noticed Edmund
  4306 | D:4      | Killed Edmund
  4307 | D:4      | Gained mutation: When seriously injured, your bleeding
                  | wounds create armour. (AC +0) [demonic ancestry]
  4307 | D:4      | Reached XP level 7. HP: 55/55 MP: 7/7
  4988 | D:5      | Reached XP level 8. HP: 25/57 MP: 8/8
  5175 | D:5      | Reached skill level 1 in Evocations
  5215 | D:5      | Found a basalt altar of Yredelemnul.
  5227 | D:5      | Reached skill level 5 in Fighting
  6408 | D:6      | Found a staircase to the Ecumenical Temple.
  6416 | Temple   | Entered the Ecumenical Temple
  6449 | Temple   | Became a worshipper of Gozag Ym Sagoz the Greedy
  6496 | D:6      | Reached XP level 9. HP: 54/68 MP: 9/9
  6677 | D:6      | Noticed Pikel
  6687 | D:6      | Killed Pikel
  6817 | D:6      | Found a runed translucent door.
  6818 | D:6      | Noticed Crazy Yiuf
  6826 | D:6      | Killed Crazy Yiuf
  6940 | D:7      | Found Luits's Armour Boutique.
  6956 | D:7      | Reached skill level 5 in Axes
  6967 | D:7      | Reached skill level 6 in Fighting
  6974 | D:7      | Reached skill level 5 in Dodging
  7078 | D:7      | Noticed a troll
  7320 | D:7      | Noticed a troll
  7329 | D:7      | Killed a troll
  7618 | D:7      | Reached skill level 5 in Armour
  7623 | D:7      | Found a transporter.
  7634 | D:7      | Noticed a cyan ugly thing
  7798 | D:7      | Reached skill level 5 in Shields
  8108 | D:7      | Found a transporter.
  8121 | D:7      | Noticed a purple ugly thing
  8131 | D:7      | Killed a troll
  8217 | D:8      | Found Tirrice's Antique Weapon Shop.
  8238 | D:8      | Bought a broad axe for 92 gold pieces
  8287 | D:8      | Reached skill level 5 in Evocations
  8463 | D:8      | Noticed a gargoyle
  8466 | D:8      | Noticed a two-headed ogre
  8466 | D:8      | Noticed a brown ugly thing
  8468 | D:8      | Noticed a two-headed ogre
  8483 | D:8      | Noticed a deep elf pyromancer
  8491 | D:8      | Reached XP level 10. HP: 11/77 MP: 10/10
  8491 | D:8      | HP: 4/172 [water moccasin (7)]
  8494 | D:8      | Splashed by a brown ugly thing's acid

Illustrated notes

Levels and vault maps discovered:
D:1:      shiori_arrival_maze, layout_loops_corners, hangedman_feature_mirror,
          fountainhead
D:2:      layout_basic, serial_shops, nicolae_shop_waterfront,
          nicolae_lakefront_shop, shop, nicolae_shop_crystal, basic_altar
D:3:      layout_basic, shapermc_ecumenical_altar_mp_vishouse
D:4:      layout_basic, serial_shops, nicolae_lakefront_shop, minmay_bent,
          uniq_edmund
D:5:      layout_basic, lemuel_mausoleum_altar_yredelemnul, uniq_duvessa
D:6:      layout_basic, minmay_temple_entry_steel_oval, uniq_pikel,
          uniq_crazy_yiuf_cottage
D:7:      layout_loops_cross, gammafunk_ghost_abyssal_escape, serial_shops,
          shop, minmay_manual_maat
D:8:      cheibrodos_fzero, layout_cave_pods, serial_shops, shop,
          kennysheep_mini_moat, shop, shop, nicolae_lakefront_shop,
          chequers_arboretum, kennysheep_generic_room_11
Temple:   regret_index_temple_sigil_plot

Skill      XL: |  1  2  3  4  5  6  7  8  9 |
---------------+----------------------------+-----
Axes           | 2 3 4 5 |  5.6
Dodging        | 2 3 4 5 |  5.6
Shields        | 1 2 3 4 5 |  5.2
Throwing       | 1 2 3 |  3.0
Armour         | 1 2 3 4 5 |  5.2
Fighting       | 4 5 6 |  6.6
Evocations     | 2 5 |  5.1
Stealth        | |  4.5

Action                   |  1- 3 |  4- 6 |  7- 9 | 10-12 || total
-------------------------+-------+-------+-------+-------++-------
Melee: Hand axe          |   147 |    76 |    72 |       ||   295
       Kick              |       |    12 |   100 |       ||   112
       Trident           |       |       |   356 |       ||   356
       Broad axe         |       |       |    35 |     3 ||    38
Throw: Dart              |       |    10 |    14 |       ||    24
Evoke: Wand              |     1 |       |     8 |       ||     9
  Use: Scroll            |     3 |       |     4 |       ||     7
       Potion            |     1 |       |     8 |     1 ||    10
 Stab: Sleeping          |    12 |     5 |    18 |       ||    35
       Distracted        |       |       |     3 |       ||     3
       Paralysed         |       |       |     3 |       ||     3
Armor: Ring mail         |    75 |    18 |   162 |       ||   255
       Skin              |       |       |    11 |     6 ||    17
Dodge: Dodged            |    29 |    11 |   125 |       ||   165
Block: Tower shield      |   102 |    54 |   505 |     4 ||   665
       Reflection        |     1 |     2 |     2 |       ||     5

Table legend: (Time is in decaauts)
 A = Elapsed time spent in this place.
 B = Non-inter-level travel time spent in this place.
 C = Inter-level travel time spent in this place.
 D = Time resting spent in this place.
 E = Time spent auto-exploring this place.
 F = Levels seen in this place.
 G = Mean time per level.
                   A        B        C        D        E       F      G
               +--------+--------+--------+--------+--------+-----+--------+
         Total |   8904 |   8457 |    447 |    449 |   5902 |   9 |  989.3 |
       Dungeon |   8849 |   8431 |    418 |    449 |   5886 |   8 | 1106.1 |
        Temple |     54 |     25 |     29 |      0 |     16 |   1 |   54.0 |
               +--------+--------+--------+--------+--------+-----+--------+

Top non-repeatable levels by time:
     D:4: 1419 daAuts
     D:5: 1322 daAuts
     D:6: 1303 daAuts
     D:7: 1284 daAuts
     D:3: 1258 daAuts
     D:1: 1176 daAuts
     D:2: 771 daAuts
     D:8: 314 daAuts
  Temple: 54 daAuts
